 Dungeon Crawl Stone Soup version 0.16-a0-4024-g0ecf4ac (webtiles) character file.

1612 timbw the Cleaver (level 8, -8/91 HPs)
             Began as a Vampire Fighter on Feb 18, 2015.
             Was a Priest of Makhleb.
             Mangled by a gnoll
             ... wielding a +1 whip of electrocution
              (17 damage)
             ... on level 8 of the Dungeon.
             The game lasted 00:16:08 (2685 turns).

timbw the Cleaver (Vampire Fighter)                 Turns: 2685, Time: 00:16:08

Health: -8/91      AC: 13    Str: 22    XL:     8   Next: 63%
Magic:  8/8        EV:  6    Int: 10    God:    Makhleb [***...]
Gold:   107        SH:  0    Dex: 13    Spells: 0 memorised, 7 levels left

rFire  . . .     SeeInvis +     a - +0 war axe
rCold  . . .     Clarity  .     D - +0 plate armour (curse)
rNeg   . . .     SustAb   .     (no shield)
rPois  .         Gourm    .     m - +0 helmet
rElec  .         Spirit   .     (no cloak)
rCorr  .         Warding  .     (no gloves)
rMut   .         Stasis   .     F - +0 pair of boots (curse)
MR     .....                    g - amulet of rage (curse)
Stlth  ..........               (no ring)
                                k - ring of flight (curse)

@: berserking, regenerating quickly, very quick, not resistant to hostile
enchantments, extremely unstealthy
A: bottle blood, fangs 3, see invisible, unbreathing
a: Minor Destruction, Lesser Servant of Makhleb, Renounce Religion, Evoke
Berserk Rage, Evoke Flight


You were on level 8 of the Dungeon.
You worshipped Makhleb.
Makhleb was most pleased with you.
You were full.

You visited 1 branch of the dungeon, and saw 9 of its levels.

You collected 187 gold pieces.
You spent 80 gold pieces at shops.

Inventory:

Hand weapons
 a - a +0 war axe (weapon)
Missiles
 h - 13 javelins (quivered)
Armour
 b - a +0 scale mail
 d - a +0 large shield
 m - a +0 helmet (worn)
 o - a +0 chain mail
 D - a cursed +0 plate armour (worn)
 F - a cursed +0 pair of boots (worn)
Jewellery
 g - a cursed amulet of rage (around neck)
 i - an uncursed ring of teleportation
 k - a cursed ring of flight (left hand)
Magical devices
 r - a wand of flame (27)
Scrolls
 c - a scroll of enchant weapon {unknown}
 f - a scroll of amnesia {unknown}
 l - a scroll of immolation {unknown}
 q - a scroll of noise {unknown}
 s - a scroll of teleportation {unknown}
 t - a scroll of enchant armour {unknown}
 v - a scroll of remove curse
 y - a scroll of fog {unknown}
 A - a scroll of recharging {unknown}
 C - a scroll of fear {unknown}
 E - a scroll of vulnerability {unknown}
 G - a scroll of identify
Potions
 e - 2 potions of might
 j - a potion of haste
 n - a potion of flight
 p - a potion of agility
 u - a potion of ambrosia {unknown}
 w - 2 potions of curing
Books
 z - a Young Poisoner's Handbook

   Spells                             Type                      Level
   a - Sting                          Conjuration/Poison           1
   b - Cure Poison                    Poison                       2
   c - Mephitic Cloud                 Conjuration/Poison/Air       3
   d - Olgreb's Toxic Radiance        Poison                       4
   e - Venom Bolt                     Conjuration/Poison           5
 B - a book of Conjurations

   Spells                             Type                      Level
   a - Magic Dart                     Conjuration                  1
   b - Searing Ray                    Conjuration                  2
   c - Dazzling Spray                 Conjuration/Hexes            3
   d - Fulminant Prism                Conjuration/Hexes            4
   e - Iskenderun's Mystic Blast      Conjuration                  4
   f - Iskenderun's Battlesphere      Conjuration/Charms           5


   Skills:
 + Level 4.8 Fighting
 * Level 9.3 Axes
 - Level 2.4 Armour
 - Level 2.6 Shields


You had 7 spell levels left.
You didn't know any spells.

Dungeon Overview and Level Annotations

Branches:
Dungeon (9/15)             Temple (0/1) D:7
   Lair: D:8-11         Orc: D:9-12

Altars:
Ashenzari
Elyvilon
Makhleb
Xom
Zin

Shops:
D:5 !   D:7 }

Annotations:
D:4 Prince Ribbit


Innate Abilities, Weirdness & Mutations

Your natural rate of healing is unusually fast.
You can bottle blood from corpses.
You have razor-sharp teeth.
You have supernaturally acute eyesight.
You can survive without breathing.


Message History

You fail to use your ability.
The gnoll hits you but does no damage.
A gnoll comes into view.
Use which ability? (? or * to list)
You fail to use your ability.
The gnoll closely misses you. The gnoll hits you but does no damage.
Use which ability? (? or * to list)
A red film seems to cover your vision as you go berserk!
You feel yourself moving faster!
You feel mighty!
The gnoll hits you with a whip of electrocution.
* * * LOW HITPOINT WARNING * * *
You are electrocuted!
* * * LOW HITPOINT WARNING * * *
The gnoll hits you with a spear.
* * * LOW HITPOINT WARNING * * *
You closely miss the gnoll.
The gnoll is heavily wounded.
You hit the gnoll.
The gnoll is lightly wounded.
The gnoll hits you but does no damage.
You are electrocuted!
You die...

.####..#........#
.
...........####.#
.# ##....<..###
#.###.#
.......#####
#(#...
##.##......#
#.#.###.#
#.#######.#
#..g....# #.# #.#
#...##### #.# #.#
##gg# #.#
#(#####@.#######
#.#
#.)...(........$
#.#
#...#####..#######
#.# #.#.# #..# ..#
#.#.# #..# .## #
#.# #..# #.# #.$#
#.. ...# ### #.>.


You could see 3 gnolls.

Vanquished Creatures
  The ghost of vatarom the Magician, an average DrCj of Vehumet (D:5)
  Menkaure (D:7)
  An orc warrior (D:8)
  2 ogres
  A centaur (D:8)
  A giant frog (D:7)
  A gnoll sergeant (D:5)
  2 jellies (D:8)
  4 crimson imps
  A goliath beetle (D:8)
  A hound (D:7)
  6 orc priests
  4 orc wizards
  3 worker ants
  Ijyb (D:2)
  Jessica (D:2)
  A mummy (D:8)
  6 gnolls
  Robin (D:2)
  A giant mite (D:2)
  2 shadow imps
  3 adders
  3 worms
  An adder skeleton (D:7)
  2 oozes (D:1)
  12 orcs
  A ball python (D:2)
  A bat skeleton (D:5)
  5 giant cockroaches
  7 hobgoblins
  3 quokkas
  A ball python zombie (D:6)
  3 bats
  A giant cockroach zombie (D:5)
  A giant gecko (D:4)
  4 giant newts
  26 goblins
  8 kobolds
  7 rats
131 creatures vanquished.

Vanquished Creatures (others)
  An orc warrior (D:7)
  An iguana (D:7)
  An adder (D:7)
  2 goblins (D:7)
  A rat (D:7)
6 creatures vanquished.

Grand Total: 137 creatures vanquished

Notes
Turn   | Place    | Note
--------------------------------------------------------------
     0 | D:1      | timbw, the Vampire Fighter, began the quest for the Orb.
     0 | D:1      | Reached XP level 1. HP: 17/17 MP: 1/1
   174 | D:1      | Reached XP level 2. HP: 23/23 MP: 2/2
   369 | D:2      | Noticed Robin
   374 | D:2      | Reached skill level 3 in Axes
   377 | D:2      | Reached XP level 3. HP: 28/28 MP: 3/3
   378 | D:2      | Killed Robin
   459 | D:2      | Noticed Jessica
   465 | D:2      | Killed Jessica
   511 | D:2      | Reached skill level 4 in Axes
   511 | D:2      | Reached XP level 4. HP: 8/34 MP: 4/4
   684 | D:2      | Found a burning altar of Makhleb.
   701 | D:2      | Became a worshipper of Makhleb the Destroyer
   702 | D:2      | Noticed Ijyb
   720 | D:2      | Killed Ijyb
   720 | D:2      | Reached XP level 5. HP: 26/39 MP: 5/5
   866 | D:3      | Reached skill level 5 in Axes
   973 | D:3      | Acquired Makhleb's first power
   974 | D:3      | Reached XP level 6. HP: 38/46 MP: 6/6
  1003 | D:3      | Reached skill level 6 in Axes
  1134 | D:4      | Noticed Prince Ribbit
  1320 | D:5      | Entered Level 5 of the Dungeon
  1352 | D:5      | Noticed vatarom's ghost (average DrCj)
  1380 | D:5      | Killed vatarom's ghost
  1380 | D:5      | Reached skill level 7 in Axes
  1380 | D:5      | Reached XP level 7. HP: 51/51 MP: 7/7
  1535 | D:5      | Acquired Makhleb's second power
  1569 | D:5      | Found Beduaga's Distillery.
  1577 | D:5      | Bought a potion of heal wounds for 50 gold pieces
  1577 | D:5      | Bought a potion of curing for 30 gold pieces
  1714 | D:6      | Found a glowing silver altar of Zin.
  1770 | D:7      | Found Ryrya's Gadget Emporium.
  1807 | D:7      | Found a staircase to the Ecumenical Temple.
  1842 | D:7      | Found a shattered altar of Ashenzari.
  1865 | D:7      | Reached skill level 8 in Axes
  1978 | D:9      | Found a white marble altar of Elyvilon.
  2203 | D:8      | Reached XP level 8. HP: 11/60 MP: 8/8
  2442 | D:7      | Acquired Makhleb's third power
  2445 | D:7      | Reached skill level 9 in Axes
  2505 | D:7      | Noticed Menkaure
  2515 | D:7      | Killed Menkaure
  2529 | D:7      | Found a shimmering altar of Xom.
  2680 | D:8      | HP: 2/61 [gnoll/whip of electrocution (20)]
  2685 | D:8      | Mangled by a gnoll

Action                   |  1- 3 |  4- 6 |  7- 9 || total
-------------------------+-------+-------+-------++-------
Melee: War axe           |    74 |   147 |   236 ||   457
Throw: Javelin           |       |     4 |    17 ||    21
       Throwing net      |       |     2 |       ||     2
 Abil: Evoke Berserk Rag |     3 |     3 |     6 ||    12
  Use: Potion            |     1 |       |     1 ||     2
       Scroll            |     1 |     3 |     1 ||     5
 Stab: Distracted        |     1 |       |       ||     1
  Eat: Corpse            |     7 |     9 |     8 ||    24
